 Dungeon Crawl Stone Soup version 0.30.0-18-gc0e69614cb (webtiles) character file.

Game seed: 9089182714331783530

739 JanusIIV the Skirmisher (level 7, -1/44 HPs)
             Began as a Deep Elf Hunter on May 25, 2023.
             Was an Initiate of Dithmenos.
             Slain by Menkaure (21 damage)
             ... on level 5 of the Dungeon.
             The game lasted 00:07:30 (3946 turns).

JanusIIV the Skirmisher (Deep Elf Hunter)           Turns: 3946, Time: 00:07:31

Health: -1/44      AC:  5    Str:  8    XL:     7   Next: 46%
Magic:  9/9        EV: 14    Int: 14    God:    Dithmenos [......]
Gold:   129        SH:  0    Dex: 20    Spells: 6/6 levels left

rFire   . . .        a - +0 shortbow
rCold   + . .        (shield currently unavailable)
rNeg    . . .        s - +1 leather armour {rC+}
rPois   .            (no helmet)
rElec   .            (no cloak)
rCorr   .            (no gloves)
SInv    .            j - +0 pair of boots
Will    .....        (no amulet)
Stlth   ++           (no ring)
HPRegen 0.27/turn    (no ring)
MPRegen 0.11/turn

%: no passive effects
@: no status effects
A: no striking features
a: Renounce Religion


You were on level 5 of the Dungeon.
You worshipped Dithmenos.
Dithmenos was noncommittal.
You visited 2 branches of the dungeon, and saw 6 of its levels.

You collected 129 gold pieces.

Inventory:

Hand Weapons
 a - a +0 shortbow (weapon)
Armour
 j - a +0 pair of boots (worn)
 s - a +1 leather armour of cold resistance (worn)
Scrolls
 b - 2 scrolls of immolation
 c - a scroll of fear {unknown}
 f - 2 scrolls of identify
 g - a scroll of silence {unknown}
 m - a scroll of enchant armour {unknown}
 n - a scroll of enchant weapon {unknown}
 p - 2 scrolls of magic mapping {unknown}
 q - a scroll of teleportation {unknown}
 r - a scroll of blinking {unknown}
 u - a scroll of amnesia {unknown}
 v - a scroll of vulnerability {unknown}
Potions
 d - a potion of curing
 e - a potion of resistance
 h - a potion of lignification {unknown}
 i - 2 potions of cancellation {unknown}
 k - 2 potions of heal wounds
 l - a potion of haste {unknown}
 o - a potion of degeneration {unknown}
 t - a potion of invisibility {unknown}
 w - a potion of berserk rage {unknown}


   Skills:
 + Level 4.6 Fighting
 + Level 8.7 Ranged Weapons
 - Level 5.0 Dodging
 - Level 1.2 Stealth


You had 6 spell levels left.
You didn't know any spells.
Your spell library contained the following spells:

 Spells                   Type           Power      Damage    Failure   Level
 Kiss of Death            Conj/Necr      0%         2d5       38%         1
 Static Discharge         Conj/Air       0%         2-2/arc   54%         2
 Confusing Touch          Hex            0%         N/A       77%         3
 Airstrike                Air            0%         2d(0-16)  99%         4
 Animate Armour           Summ/Erth      0%         N/A       99%         4
 Dispel Undead            Necr           0%         3d6       99%         4
 Summon Lightning Spire   Summ/Air       0%         N/A       99%         4
 Blade Hands              Tmut           0%         N/A       100%        5
 Iron Shot                Conj/Erth      0%         9d1       100%        6


Dungeon Overview and Level Annotations

Branches:
Dungeon (6/15)             Temple (1/1) D:5

Altars:
Ashenzari
Dithmenos
Elyvilon
Fedhas
Gozag
Hepliaklqana
Kikubaaqudgha
Makhleb
Nemelex Xobeh
Okawaru
Qazlal
Sif Muna
Trog
Uskayaw
Wu Jian
Yredelemnul

Shops:
D:1 =   D:2 [

Annotations:
D:5 Menkaure


Message History

You start resting.
HP restored.
You open the door.
There is an open door here.
Found a stone staircase leading down.
Found an escape hatch in the floor.
w - a bubbling orange potion
Found a mace.
b - 2 scrolls of immolation (gained 1)
You now have 129 gold pieces (gained 18).
You open the door.
There is an open door here.
Menkaure mumbles some strange words.
Menkaure seems to speed up.
You shoot an arrow.
The arrow hits Menkaure but does no damage.
You shoot an arrow. The arrow barely misses Menkaure.
You shoot an arrow. The arrow hits Menkaure.
Menkaure is lightly damaged.
Okay, then.
Okay, then.
You aren't carrying any items that you can evoke.
Okay, then.
You shoot an arrow. The arrow barely misses Menkaure.
Menkaure calls on the powers of darkness!
Your body is wracked with pain!
You shoot an arrow. The arrow closely misses Menkaure.
You shoot an arrow. The arrow barely misses Menkaure.
Menkaure closely misses you.
You shoot an arrow. The arrow hits Menkaure.
Menkaure is moderately damaged.
Menkaure completely misses you. Menkaure hits you.
You are too injured to fight recklessly!
You are too injured to fight recklessly!
You are too injured to fight recklessly!
You shoot an arrow.
The arrow hits Menkaure but does no damage.
Menkaure is moderately damaged.
Menkaure hits you!!
You die...

####..............####.#......
.....##...........# #.#
........†.........# #.#
.........#############..
.........# .... .....###.####
#(. .....###..... #.####..
#####.....#######.#......#.###
#...'...........@M..#[...#....
..###.............###.......#
..#....###........+ ...#.#.##
..#.....##........####........
#.#.#...##........##....#.#...
#.)))...###'#####....#........
#.#.#######..........#.#
.##.#####............#.#
.##.##....8.8.8........#


You could see Menkaure (fast).

Vanquished Creatures
  2 scorpions
  A necrophage (D:5)
  A water moccasin zombie (D:5)
  A bullfrog zombie (D:5)
  A centaur zombie (D:5)
  A hound (D:5)
  A human zombie (D:5)
  An orc priest (D:5)
  2 jellies (D:5)
  A sleepcap (D:6)
  3 scorpion zombies (D:5)
  An iguana (D:5)
  3 mummies (D:5)
  A howler monkey zombie (D:5)
  4 adders
  A worm (D:5)
  A dart slug (D:3)
  9 orcs
  6 bats
  3 endoplasms
  4 giant cockroaches
  2 goblins (D:1)
  9 hobgoblins
  6 jackals
  2 quokkas (D:1)
  7 ball pythons
  2 frilled lizards (D:1)
  3 kobolds
  4 rats
83 creatures vanquished.

Notes
Turn   | Place    | Note
-------+----------+-------------------------------------------
     0 | D:1      | JanusIIV the Deep Elf Hunter began the quest for the Orb.
     0 | D:1      | Reached XP level 1. HP: 12/12 MP: 3/3
    96 | D:1      | Found Evoeddog's Jewellery Shoppe.
   129 | D:1      | Reached XP level 2. HP: 17/17 MP: 4/4
   615 | D:1      | Reached XP level 3. HP: 21/21 MP: 5/5
  1382 | D:2      | Found Fawna's Armour Shop.
  1645 | D:2      | Reached skill level 6 in Ranged Weapons
  1897 | D:3      | Found an ornate altar of the Wu Jian Council.
  2060 | D:3      | Reached XP level 4. HP: 25/27 MP: 6/6
  2569 | D:3      | You fall into a shaft and drop 3 floors!
  2621 | D:6      | Noticed a scorpion
  2639 | D:6      | Killed a scorpion
  2640 | D:6      | Reached XP level 5. HP: 11/32 MP: 7/7
  2822 | D:5      | Entered Level 5 of the Dungeon
  3040 | D:5      | Reached skill level 7 in Ranged Weapons
  3051 | D:5      | Reached XP level 6. HP: 18/37 MP: 8/8
  3146 | D:5      | Found a staircase to the Ecumenical Temple.
  3163 | D:5      | Reached skill level 5 in Dodging
  3230 | Temple   | Entered the Ecumenical Temple
  3288 | Temple   | Became a worshipper of Dithmenos the Shadowed
  3332 | D:5      | Noticed Menkaure
  3419 | D:5      | Reached skill level 8 in Ranged Weapons
  3419 | D:5      | Reached XP level 7. HP: 36/43 MP: 9/9
  3447 | D:5      | Found an ancient bone altar of Kikubaaqudgha.
  3946 | D:5      | Slain by Menkaure

Illustrated notes

Levels and vault maps discovered:
D:1:      dpeg_arrival_signposts, layout_basic, serial_shops, shop
D:2:      layout_basic, serial_shops, nicolae_lakefront_shop
D:3:      layout_basic, nicolae_overflow_crystal_walls
D:5:      layout_basic, lemuel_mausoleum_altar_kikubaaqudgha,
          minmay_temple_entry_statues_fountains, serial_glass, glass_columns_b,
          glass_columns_a, glass_columns_c, glass_columns_c, grunt_ministairs_1,
          chequers_jeans, kennysheep_generic_room_12, uniq_menkaure
D:6:      minmay_evil_eye, layout_gridville, minmay_misc_feat_more_columns,
          uniq_maggie, uniq_prince_ribbit1
Temple:   nicolae_temple_great_sept

Skill      XL: |  1  2  3  4  5  6 |
---------------+-------------------+-----
Dodging        | 3 4 5 |  5.0
Fighting       | 2 3 4 |  4.6
Ranged Weapons | 6 7 8 |  8.7
Stealth        | |  1.2

Action                     |  1- 3 |  4- 6 |  7- 9 || total
---------------------------+-------+-------+-------++-------
   Fire: Shortbow          |   117 |   127 |    81 ||   325
    Use: Potion            |       |     2 |       ||     2
         Scroll            |       |     1 |       ||     1
 Armour: Leather armour    |    13 |    24 |    19 ||    56
  Dodge: Dodged            |    34 |    62 |    46 ||   142
